 Dungeon Crawl Stone Soup version 0.29-a0-371-g91724d5b39 (webtiles) character file.

Game seed: 13670426774233801523

49 rabbitsville the Poker (level 3, 0/30 HPs)
             Began as a Demigod Wanderer on May 2, 2022.
             Slain by Pargi (3 damage)
             ... on level 3 of the Dungeon.
             The game lasted 00:06:03 (1925 turns).

rabbitsville the Poker (Demigod Wanderer)           Turns: 1925, Time: 00:06:03

Health: 0/30       AC:  8    Str: 19    XL:     3   Next: 33%
Magic:  6/6        EV:  9    Int: 13    God:
Gold:   120        SH:  0    Dex: 12    Spells: 4/4 levels left

rFire   . . .      SeeInvis .   a - +2 mace
rCold   . . .      Faith    .   (no shield)
rNeg    . . .      Spirit   .   j - +0 scale mail
rPois   +          Reflect  .   l - +0 helmet
rElec   .          Harm     .   (no cloak)
rCorr   .          Rampage  .   (no gloves)
Will    .....                   c - +0 pair of boots
Stlth   ..........              h - amulet of magic regeneration
HPRegen 0.10/turn               p - ring of poison resistance
MPRegen 0.50/turn               (no ring)

@: flying
A: high MP 1, forlorn, divine attributes
a: no special abilities


You were on level 3 of the Dungeon.
You visited 1 branch of the dungeon, and saw 3 of its levels.

You collected 120 gold pieces.

Inventory:

Hand Weapons
 a - a +2 mace (weapon)
 b - a +0 spear
 i - a +1 whip of electrocution
Armour
 c - a +0 pair of boots (worn)
 e - a +0 leather armour
 j - a +0 scale mail (worn)
 l - a +0 helmet (worn)
Jewellery
 h - an amulet of magic regeneration (around neck)
 p - a ring of poison resistance (left hand)
Scrolls
 g - a scroll of blinking {unknown}
 k - a scroll of vulnerability {unknown}
 m - 2 scrolls of noise {unknown}
 o - a scroll of amnesia {unknown}
 q - a scroll of identify {unknown}
Potions
 d - a potion of attraction


   Skills:
 + Level 2.8 Fighting
 + Level 2.8 Maces & Flails
 - Level 3.6 Polearms
 - Level 1.0 Stealth
 - Level 1.0 Spellcasting


You had 4 spell levels left.
You didn't know any spells.
Your spell library was empty.

Dungeon Overview and Level Annotations

Branches:
Dungeon (3/15)

Annotations:
D:2 1 runed translucent door, Crazy Yiuf, Jessica, Sigmund
D:3 Pargi


Innate Abilities, Weirdness & Mutations

You have an increased reservoir of magic. (+10% MP)
You shall have no god before yourself.
Your divine heritage dramatically boosts your attributes as you level up.


Message History

Pargi bites you. Pargi completely misses you. Pargi barely misses you. x2
Pargi claws you. Pargi claws you but does no damage.
You closely miss Pargi.
Pargi is moderately wounded.
Pargi bites you but does no damage. Pargi claws you.
Pargi claws you but does no damage.
You closely miss Pargi.
Pargi is moderately wounded.
Pargi bites you. Pargi claws you but does no damage. Pargi barely misses you.
You hit Pargi.
Pargi is moderately wounded.
Pargi bites you. Pargi claws you. Pargi barely misses you.
You closely miss Pargi.
Pargi is moderately wounded.
Pargi barely misses you. Pargi claws you but does no damage. Pargi claws you.
Pargi barely misses you. Pargi claws you but does no damage. x2
You feel better. Pargi bites you. Pargi claws you.
Pargi claws you but does no damage.
Pargi looks around nervously.
Pargi attacks as you move away! Pargi barely misses you.
Pargi claws you but does no damage. Pargi claws you.
Pargi attacks as you move away! Pargi closely misses you.
Pargi claws you but does no damage. Pargi claws you.
There is a stone staircase leading up here.
Pargi attacks as you move away! Pargi bites you.
* * * LOW HITPOINT WARNING * * *
Pargi claws you.
* * * LOW HITPOINT WARNING * * *
Pargi barely misses you.
You sock Pargi!
Pargi is lightly wounded.
Pargi bites you but does no damage. Pargi closely misses you. x2
You closely miss Pargi.
Pargi is lightly wounded.
Pargi barely misses you. Pargi claws you but does no damage.
Pargi closely misses you.
You barely miss Pargi.
Pargi is lightly wounded.
Pargi bites you.
You die...

##### #...# #...#
#...#
################@[.#
.............<.T...#
.###############...#
.# #...# ......[.
#...# ........ #####
........ ........
#....T..


You could see Pargi.

Vanquished Creatures
  An adder (D:2)
  3 worms (D:2)
  4 ball pythons
  2 endoplasms (D:1)
  A giant cockroach (D:1)
  4 goblins
  3 hobgoblins
  2 jackals (D:1)
  A quokka (D:2)
  3 bats (D:1)
  2 frilled lizards (D:1)
  2 kobolds (D:1)
  A rat (D:1)
29 creatures vanquished.

Notes
Turn   | Place    | Note
-------+----------+-------------------------------------------
     0 | D:1      | rabbitsville the Demigod Wanderer began the quest for the
                  | Orb.
     0 | D:1      | rabbitsville set off with the following items: a +2 mace, a
                  | +0 spear, a +0 pair of boots, a potion of attraction, a +0
                  | leather armour
     0 | D:1      | Reached XP level 1. HP: 17/17 MP: 4/4
   400 | D:1      | Reached XP level 2. HP: 24/24 MP: 5/5
  1218 | D:2      | Found a runed translucent door.
  1219 | D:2      | Noticed Crazy Yiuf
  1276 | D:2      | Reached XP level 3. HP: 27/30 MP: 6/6
  1394 | D:2      | Noticed Sigmund
  1587 | D:2      | Noticed Jessica
  1890 | D:3      | Noticed Pargi
  1925 | D:3      | Slain by Pargi

Illustrated notes

Levels and vault maps discovered:
D:1:      wander_arrival_desolate, layout_basic, basic_ecumenical_altar,
          roderic_roman_lattice
D:2:      layout_loops_ring, uniq_sigmund, uniq_jessica, uniq_crazy_yiuf_cottage
D:3:      layout_rooms, old_standard_altar, uniq_ijyb, uniq_pargi

Skill      XL: |  1 |
---------------+----+-----
Fighting       | 2 |  2.8
Maces & Flails | 2 |  2.8
Polearms       | |  3.6
Stealth        | |  1.0
Spellcasting   | |  1.0

Action                   || total
-------------------------++-------
Melee: Mace              ||   101
       Punch             ||     1
  Use: Potion            ||     3
Armor: Leather armour    ||     2
       Scale mail        ||    63
Dodge: Dodged            ||    79

Table legend: (Time is in decaauts)
 A = Elapsed time spent in this place.
 B = Non-inter-level travel time spent in this place.
 C = Inter-level travel time spent in this place.
 D = Time resting spent in this place.
 E = Time spent auto-exploring this place.
 F = Levels seen in this place.
 G = Mean time per level.
                   A        B        C        D        E       F      G
               +--------+--------+--------+--------+--------+-----+--------+
         Total |   1954 |   1828 |    126 |    172 |   1071 |   3 |  651.3 |
       Dungeon |   1954 |   1828 |    126 |    172 |   1071 |   3 |  651.3 |
               +--------+--------+--------+--------+--------+-----+--------+

Top non-repeatable levels by time:
     D:2: 984 daAuts
     D:1: 911 daAuts
     D:3: 58 daAuts
